Map: Ruby Rock LE

Players

SCIInewby

  • Race: Zerg Zerg
  • League: Master
  • Spawn Location: 11:00

Kronos - Winner!

  • Race: Protoss Protoss
  • League: Gold
  • Spawn Location: 5:00

VOD

Have the link to the VOD?

Description

Time

  • Played on: Feb. 6, 2026, 3:45 p.m.
  • Length: 9:58
Show
View Real Time Build Order
Export as new Build Order

SCIInewby Zerg 

Build Orders: Pool First 

Get SALT Encoding   

  12  0:01  Drone  
  13  0:08  Drone  
  14  0:15  Extractor  
  14  0:16  Drone  
  15  0:26  Overlord  
  15  0:43  Spawning Pool  
  15  0:47  Drone x2  
  16  1:08  Hatchery  
  16  1:10  Drone  
  16  1:20  Extractor  
  16  1:22  Extractor, Drone x2  
  16  1:36  Drone x2  
  18  1:45  Drone  
  19  1:56  Drone  
  19  1:58  Evolution Chamber  
  19  2:05  Queen  
  22  2:08  Drone  
  22  2:20  Drone  
  23  2:28  Drone  
  23  2:29  Drone  
  25  2:30  Roach Warren  
  24  2:37  Queen  
  24  2:42  Zergling x2  
  27  2:49  Zergling x2  
  28  3:00  Zerg Missile Weapons Level 1  
  28  3:04  Lair  
  28  3:19  Overlord x2  
  28  3:26  Overlord  
  28  3:28  Overlord  
  28  3:38  Spine Crawler  
  27  3:42  Spore Crawler  
  27  3:43  Drone  
  27  3:47  Drone  
  28  3:50  Drone  
  28  3:55  Drone  
  30  3:57  Drone  
  30  4:02  Drone  
  32  4:05  Drone  
  33  4:13  Drone x2  
  33  4:15  Drone  
  36  4:26  Drone  
  36  4:28  Drone  
  38  4:37  Spire  
  38  4:38  Drone  
  38  4:40  Drone  
  38  4:42  Drone  
  38  4:44  Drone  
  41  4:51  Extractor  
  40  4:54  Extractor, Zerg Ground Armor Level 1  
  40  4:56  Spore Crawler  
  40  4:58  Spine Crawler  
  37  5:01  Drone x2  
  37  5:02  Drone  
  40  5:09  Glial Reconstitution  
  40  5:11  Roach  
  42  5:16  Roach x2  
  46  5:26  Roach x3  
  46  5:28  Overlord  
  52  5:31  Overlord  
  52  5:34  Drone  
  53  5:40  Drone x2  
  53  5:41  Drone  
  56  5:44  Drone x2  
  58  5:54  Roach x2  
  58  5:55  Roach  
  61  6:02  Mutalisk  
  61  6:03  Mutalisk  
  64  6:06  Zergling x2  
  64  6:07  Zergling x2  
  66  6:17  Mutalisk x2  
  66  6:18  Mutalisk  
  70  6:21  Ravager x4  
  67  7:09  Mutalisk x4  
  67  7:14  Overlord x4  
  75  7:17  Zerg Missile Weapons Level 2  
  75  7:24  Queen  
  75  7:28  Mutalisk  
  75  7:29  Mutalisk  
  75  7:32  Roach  
  75  7:33  Roach  
  79  7:51  Ravager  
  79  7:52  Ravager  
  79  7:54  Ravager  
  82  7:59  Zergling x12  
  86  8:19  Overseer  
  56  8:52  Zergling x2  
  56  8:53  Zergling x8  
  55  9:13  Zergling x2  
  55  9:17  Mutalisk  
  54  9:26  Spore Crawler  
  54  9:30  Spore Crawler  
  51  9:31  Zergling x2  
  34  9:51  Spine Crawler  
Show
View Real Time Build Order
Export as new Build Order

Kronos Protoss - Winner!

Build Orders: Cannon Rush, Nexus First 

Get SALT Encoding   

  12  0:36  Nexus  
  12  0:48  Pylon  
  12  1:08  Forge  
  12  1:15  Gateway  
  12  1:47  Photon Cannon  
  12  1:51  Photon Cannon  
  12  1:56  Photon Cannon  
  12  2:08  Probe  
  12  2:09  Probe  
  12  2:10  Assimilator  
  14  2:17  Probe x2  
  16  2:25  Probe  
  17  2:30  Probe  
  17  2:35  Probe  
  19  2:38  Probe  
  19  2:44  Probe  
  20  2:46  Probe  
  22  2:52  Assimilator  
  22  3:03  Probe  
  22  3:04  Pylon, Probe  
  24  3:21  Zealot  
  24  3:23  Gateway  
  24  3:27  Photon Cannon  
  26  3:35  Probe  
  26  3:37  Probe  
  28  3:46  Zealot  
  28  3:52  Cybernetics Core  
  28  3:54  Probe  
  31  3:59  Photon Cannon  
  31  4:03  Photon Cannon  
  31  4:10  Photon Cannon  
  31  4:17  Photon Cannon  
  31  4:24  Photon Cannon  
  31  4:25  Probe  
  31  4:28  Probe  
  33  4:37  Probe  
  34  4:39  Shield Battery  
  34  4:40  Probe  
  34  4:44  Shield Battery  
  35  4:48  Shield Battery  
  35  4:54  Stargate, Probe  
  36  5:01  Probe  
  36  5:05  Probe  
  36  5:06  Pylon  
  38  5:09  Probe  
  38  5:13  Probe  
  39  5:17  Probe  
  41  5:21  Probe  
  41  5:22  Assimilator  
  41  5:23  Warp Gate  
  41  5:25  Pylon  
  41  5:28  Probe  
  42  5:32  Pylon  
  42  5:33  Probe  
  44  5:40  Probe  
  49  5:45  Probe  
  49  5:47  Void Ray  
  50  5:52  Probe  
  50  5:53  Twilight Council  
  51  5:58  Robotics Facility  
  49  6:06  Probe  
  50  6:11  Robotics Facility  
  50  6:13  Probe  
  51  6:19  Probe  
  53  6:25  Probe  
  53  6:27  Assimilator  
  53  6:33  Dark Shrine  
  53  6:34  Probe  
  53  6:37  Gateway, Probe  
  53  6:38  Gateway  
  55  6:40  Gateway  
  55  6:46  Void Ray  
  57  6:58  Immortal  
  61  7:12  Probe x2  
  63  7:22  Immortal  
  67  7:28  Stalker  
  69  7:38  Probe  
  69  7:41  Pylon  
  69  7:43  Pylon  
  70  7:45  Pylon  
  70  7:54  Pylon  
  70  7:56  Nexus  
  70  7:59  Pylon, Immortal  
  70  8:01  Probe x2  
  70  8:03  Dark Templar  
  70  8:04  Zealot  
  70  8:05  Void Ray  
  84  8:06  Zealot  
  84  8:10  Stalker  
  84  8:11  Stalker  
  88  8:25  Stalker  
  85  8:30  Stalker  
  87  8:40  Stalker x2  
  87  8:41  Zealot  
  85  8:51  Stalker  
  82  9:08  Stalker x2  
  86  9:37  Pylon  
  80  9:39  Pylon, Probe  
  80  9:40  Probe  
  80  9:42  Probe  
  80  9:43  Pylon  
  83  9:49  Stalker, Zealot  
  83  9:50  Pylon  
Tags
 
Add a new tag
Caveats
  • Supply blocks, unpowered buildings, or Contaminate may cause inaccurate times.
  • Supply counts are checked every 10 seconds.